 Dungeon Crawl Stone Soup version 0.31-a0-981-geadf994542 (webtiles) character file.

Game seed: 13311470595338823400

864 kemist the Sneak (level 8, -3/62 HPs)
             Began as a Naga Fire Elementalist on Oct 31, 2023.
             Was a Follower of Vehumet.
             Slain by an orc priest
             ... wielding a +0 trident
              (6 damage)
             ... on level 5 of the Dungeon.
             The game lasted 00:25:48 (5869 turns).

kemist the Sneak (Naga Fire Elementalist)           Turns: 5869, Time: 00:25:48

Health: -3/62      AC: 11    Str: 18    XL:     8   Next: 3%
Magic:  6/11       EV: 10    Int: 15    God:    Vehumet [*.....]
Gold:   100        SH:  5    Dex: 12    Spells: 5/12 levels left

rFire   . . .        d - staff of cold
rCold   + . .        (no shield)
rNeg    . . .        n - +1 robe of Midsummer {rPois Str+8 Int-3 Archmagi}
rPois   +            (no helmet)
rElec   .            (no cloak)
rCorr   .            s - +2 pair of gloves {Stlth+}
SInv    +            (no barding)
Will    +....        g - amulet of reflection
Stlth   ++++         l - +4 ring of protection
HPRegen 0.30/turn    i - ring of flight
MPRegen 0.12/turn

%: reflection, archmagi
@: flying, very slow
A: AC +2, large, see invisible, deformed body, poison resistance, slowness 2,
spit poison 1, naga tail 1
a: Spit Poison, Renounce Religion


You were on level 5 of the Dungeon.
You worshipped Vehumet.
Vehumet was aware of your devotion.
You visited 2 branches of the dungeon, and saw 6 of its levels.
You also visited: Sewer.

You collected 281 gold pieces.
You spent 181 gold pieces at shops.

Inventory:

Armour
 n - the +1 robe of Midsummer (worn) {rPois Str+8 Int-3 Archmagi}
   (You found it on level 3 of the Dungeon)

   Str+8:     It affects your strength (+8).
   Int-3:     It affects your intelligence (-3).
   rPois:     It protects you from poison Archmagi: It increases the power of
   your magical spells.
 s - a +2 pair of gloves of stealth (worn)
Magical Staves
 d - a staff of cold (weapon)
Jewellery
 e - a ring of positive energy
 g - an amulet of reflection (around neck)
 i - a ring of flight (right hand)
 l - a +4 ring of protection (left hand)
Wands
 r - a wand of paralysis (4)
Scrolls
 h - 2 scrolls of immolation
 m - a scroll of amnesia
Potions
 a - 3 potions of cancellation {unknown}
 c - 2 potions of mutation
 f - a potion of lignification
 j - a potion of ambrosia {unknown}
 k - a potion of brilliance {unknown}
 o - 2 potions of berserk rage {unknown}
 p - a potion of might {unknown}
 q - 2 potions of invisibility {unknown}
 t - 2 potions of degeneration {unknown}
 u - a potion of curing {unknown}
 v - a potion of resistance {unknown}
 x - a potion of heal wounds {unknown}


   Skills:
 + Level 3.6 Dodging
 - Level 6.0 Stealth
 - Level 2.6 Spellcasting
 + Level 4.0 Conjurations
 + Level 5.0 Fire Magic
 + Level 4.3 Poison Magic


You had 5 spell levels left.
You knew the following spells:

 Your Spells              Type           Power      Damage    Failure   Level
a - Foxfire               Conj/Fire      92%        2x1d8     3%          1
b - Scorch                Fire           50%        2d7       4%          2
c - Olgreb's Toxic Radia  Pois           22%        N/A       34%         4

Your spell library contained the following spells:

 Spells                   Type           Power      Damage    Failure   Level
 Shock                    Conj/Air       44%        1d5       10%         1
 Sting                    Tmut/Pois      48%        1d5       9%          1
 Poisonous Vapours        Pois/Air       24%        N/A       13%         2
 Necrotise                Necr           8%         1d4       22%         1
 Summon Small Mammal      Summ           8%         N/A       22%         1
 Inner Flame              Hex/Fire       14%        N/A       22%         3
 Volatile Blastmotes      Fire/Tloc      28%        2d12      22%         3
 Wereblood                Tmut           2%         N/A       32%         2
 Flame Wave               Conj/Fire      23%        2d8       32%         4
 Call Canine Familiar     Summ           2%         N/A       54%         3
 Summon Guardian Golem    Hex/Summ       2%         N/A       54%         3
 Vampiric Draining        Necr           2%         2d6       54%         3
 Agony                    Necr           2%         N/A       99%         5
 Yara's Violent Unravell  Hex/Tmut       1%         3d3       99%         5
 Eringya's Noxious Bog    Tmut/Pois      6%         4d6       100%        6


Dungeon Overview and Level Annotations

Branches:
Dungeon (5/15)             Temple (1/1) D:4           Sewer (visited)

Altars:
Ashenzari
Cheibriados
Dithmenos
Elyvilon
Kikubaaqudgha
Makhleb
Nemelex Xobeh
Qazlal
Vehumet
Wu Jian
Zin
The Shining One

Shops:
D:3 *


Innate Abilities, Weirdness & Mutations

Your serpentine skin is tough. (AC +2)
You have supernaturally acute eyesight. (SInv)
Armour fits poorly on your strangely shaped body.
Your system is resistant to poisons. (rPois)
You cover ground very slowly.
You can spit poison.
You have a snake-like lower body.


Message History

The foxfire hits the orc priest.
The orc priest is severely wounded.
The foxfire hits the orc priest.
The orc priest is almost dead.
The orc hits you but does no damage. The orc attacks as it pursues you!
You block the orc's attack.
The orc priest attacks as it pursues you!
The orc priest hits you from afar with a +0 trident.
* * * LOW HITPOINT WARNING * * *
The orc hits you but does no damage.
The orc priest calls upon Beogh to heal the orc.
The orc's wounds heal themselves!
Magic courses through your body. You block the water moccasin's attack.
You block the orc's attack.
The orc priest calls down the wrath of Beogh upon you.
Beogh smites you!
* * * LOW HITPOINT WARNING * * *
Casting: Foxfire (safe; 3% risk of failure)
Confirm with . or Enter, or press ? or * to list all spells.
You feel a surge of power!
Flames lash the orc priest.
The orc priest is almost dead.
The orc priest's fire resistance burns away.
The water moccasin closely misses you.
The orc priest looks braver for a moment.
Casting: Scorch (safe; 4% risk of failure)
Confirm with . or Enter, or press ? or * to list all spells.
You feel a surge of power!
Flames lash the orc.
You kill the orc!
Vehumet accepts your kill. The water moccasin closely misses you.
The water moccasin barely misses you. The orc priest completely misses you.
Casting: Scorch (safe; 4% risk of failure)
Confirm with . or Enter, or press ? or * to list all spells.
You feel a surge of power!
Flames lash the water moccasin.
The water moccasin is almost dead.
The water moccasin's fire resistance burns away.
The orc priest is no longer more vulnerable to fire.
The water moccasin bites you but does no damage.
The orc priest hits you from afar with a +0 trident.
You die...

.. ... ...###..##†##...#....
...#...###..##..##.....#..... #
..#. .#.....#.#####......... #.
...##..#.....#.#......#....
##.###....##.....>.##†##..##...
...........#..........#........
. ......(....o..................
... #...).....)S................
....#........##@..##............
.....)..|....[##...#..####......
.......†#....##........##.......
........##.### ...##............
............. ... ....###.....
.........#.... .... ..$ #.....
.......####......#....# #.....
....... ......##.## #......
......# ..... .....#..


You could see a water moccasin (combustible) and an orc priest.

Vanquished Creatures
  4 kobold brigands (Sewer)
  2 scorpions
  3 hounds
  3 iguanas
  2 orc wizards (D:4)
  10 adders
  3 gnolls
  A river rat (D:5)
  4 worms
  4 dart slugs
  5 orcs
  13 bats
  13 endoplasms
  5 giant cockroaches
  5 goblins
  7 hobgoblins
  2 jackals (D:2)
  6 quokkas
  7 ball pythons
  5 frilled lizards
  11 kobolds
  8 rats
123 creatures vanquished.

Vanquished Creatures (others)
  82 foxfires
82 creatures vanquished.

Grand Total: 205 creatures vanquished

Notes
Turn   | Place    | Note
-------+----------+-------------------------------------------
     0 | D:1      | kemist the Naga Fire Elementalist began the quest for the
                  | Orb.
     0 | D:1      | Reached XP level 1. HP: 15/15 MP: 3/3
   116 | D:1      | Reached XP level 2. HP: 22/22 MP: 3/5
   207 | D:1      | Learned a level 2 spell: Scorch
   902 | D:1      | Reached XP level 3. HP: 28/28 MP: 3/6
  1386 | D:2      | Reached XP level 4. HP: 36/36 MP: 0/7
  1452 | D:2      | Reached skill level 4 in Stealth
  1511 | D:2      | Found a shadowy altar of Dithmenos.
  2147 | D:2      | Learned a level 4 spell: Olgreb's Toxic Radiance
  2299 | D:3      | Found Amuh's General Store.
  2747 | D:3      | Reached XP level 5. HP: 40/42 MP: 2/8
  2858 | D:3      | Reached skill level 1 in Poison Magic
  3241 | D:3      | Identified the +1 robe of Midsummer {rPois Str+8 Int-3
                  | Archmagi}
  3582 | D:4      | Identified the of Hyocixid
  3606 | D:4      | Found a staircase to the Ecumenical Temple.
  3622 | Temple   | Entered the Ecumenical Temple
  3636 | Temple   | Became a worshipper of Vehumet
  3688 | D:4      | Reached skill level 5 in Stealth
  3688 | D:4      | Reached XP level 6. HP: 31/49 MP: 2/9
  3897 | D:3      | Bought a +1 pair of gloves of stealth for 181 gold pieces
  5056 | D:5      | Entered Level 5 of the Dungeon
  5081 | D:5      | Found a glowing drain.
  5148 | Sewer    | Entered a sewer
  5183 | Sewer    | Reached XP level 7. HP: 51/55 MP: 0/10
  5196 | Sewer    | Reached skill level 6 in Stealth
  5290 | Sewer    | Reached * piety under Vehumet
  5290 | Sewer    | Offered knowledge of Shock by Vehumet.
  5845 | D:5      | Reached skill level 5 in Fire Magic
  5845 | D:5      | Reached XP level 8. HP: 59/62 MP: 2/11
  5866 | D:5      | HP: 3/62 [orc priest/divine providence (14)]
  5869 | D:5      | Slain by an orc priest

Illustrated notes

Levels and vault maps discovered:
D:1:      dpeg_arrival_houses_and_road, layout_rooms
D:2:      layout_basic, basic_altar
D:3:      layout_basic, serial_shops, nicolae_shop_tiny_glass,
          minmay_misc_feat_encased, grunt_ministairs_3, minivault_27,
          nicolae_half_adder
D:4:      layout_rooms, minmay_temple_entry_offerings
D:5:      layout_cave_pools, cheibrodos_sewer_entry_sluice, serial_shops, shop
Temple:   grunt_temple_mini_profane

Skill      XL: |  1  2  3  4  5  6  7 |
---------------+----------------------+-----
Dodging        | 2 3 |  3.6
Stealth        | 4 5 6 |  6.0
Conjurations   | 2 3 4 |  4.0
Poison Magic   | 2 3 4 |  4.3
Fire Magic     | 4 5 |  5.0
Spellcasting   | |  2.6

Action                     |  1- 3 |  4- 6 |  7- 9 || total
---------------------------+-------+-------+-------++-------
  Melee: Unarmed           |    28 |       |       ||    28
         Punch             |     1 |     1 |     1 ||     3
         Staff             |       |    36 |    25 ||    61
   Cast: Foxfire           |    22 |    11 |    11 ||    44
         Scorch            |    21 |    80 |    31 ||   132
Ability: Spit Poison       |     3 |     6 |     3 ||    12
  Evoke: Wand              |       |     3 |     3 ||     6
    Use: Scroll            |     3 |     6 |     4 ||    13
         Potion            |       |       |     1 ||     1
   Stab: Paralysed         |       |    12 |     5 ||    17
 Armour: Robe              |    20 |    44 |    39 ||   103
  Dodge: Dodged            |    21 |    29 |    18 ||    68
  Block: Other             |     1 |    13 |    17 ||    31
         Reflection        |       |     2 |     3 ||     5

Table legend: (Time is in decaauts)
 A = Elapsed time spent in this place.
 B = Non-inter-level travel time spent in this place.
 C = Inter-level travel time spent in this place.
 D = Time resting spent in this place.
 E = Time spent auto-exploring this place.
 F = Levels seen in this place.
 G = Mean time per level.
                   A        B        C        D        E       F      G
               +--------+--------+--------+--------+--------+-----+--------+
         Total |   6906 |   6416 |    490 |   2214 |   2465 |   7 |  986.6 |
       Dungeon |   6271 |   5814 |    457 |   1928 |   2465 |   5 | 1254.2 |
        Temple |     35 |      3 |     32 |      0 |      0 |   1 |   35.0 |
         Sewer |    600 |    600 |      0 |    286 |      0 |   1 |  600.0 |
               +--------+--------+--------+--------+--------+-----+--------+

Top non-repeatable levels by time:
     D:3: 2360 daAuts
     D:1: 1363 daAuts
     D:2: 1159 daAuts
     D:4: 1072 daAuts
   Sewer: 600 daAuts
     D:5: 314 daAuts
  Temple: 35 daAuts
